Map: Frostline LE

Players

Cell

  • Race: Zerg Zerg
  • League: Diamond
  • Spawn Location: 1:00

HAHAHAPROTOS - Winner!

  • Race: Zerg Zerg
  • League: Master
  • Spawn Location: 7:00

VOD

Have the link to the VOD?

Description

Time

  • Played on: Dec. 19, 2024, 11:43 a.m.
  • Length: 4:25
Show
View Real Time Build Order
Export as new Build Order

Cell Zerg 

Build Orders: Hatch First 

Get SALT Encoding   

  12  0:01  Drone  
  13  0:13  Overlord  
  13  0:21  Drone  
  14  0:31  Drone x2  
  16  0:37  Drone  
  17  0:56  Hatchery  
  17  0:57  Drone  
  17  1:01  Drone  
  18  1:12  Extractor  
  18  1:16  Spawning Pool  
  16  1:18  Drone  
  16  1:22  Drone  
  18  1:28  Drone  
  19  1:43  Overlord  
  19  2:00  Drone  
  20  2:03  Queen  
  20  2:08  Queen  
  22  2:09  Zergling x4  
  22  2:13  Drone  
  27  2:17  Metabolic Boost  
  27  2:20  Drone  
  28  2:26  Drone  
  29  2:30  Drone  
  30  2:43  Hatchery  
  29  2:49  Drone x3  
  32  2:54  Drone  
  33  3:00  Baneling Nest  
  33  3:03  Drone  
  33  3:04  Drone  
  34  3:09  Overlord  
  34  3:14  Zergling x4  
  35  3:24  Evolution Chamber  
  35  3:25  Evolution Chamber  
  33  3:28  Zergling x8  
  37  3:40  Zergling x8  
  41  3:44  Baneling x4  
  41  3:45  Baneling  
  41  3:46  Zergling x2  
  42  3:49  Zergling x4  
  42  3:54  Zergling x4  
Show
View Real Time Build Order
Export as new Build Order

HAHAHAPROTOS Zerg - Winner!

Build Orders: Hatch First 

Get SALT Encoding   

  12  0:01  Drone  
  13  0:08  Drone  
  14  0:14  Extractor  
  14  0:15  Drone  
  15  0:36  Hatchery  
  15  0:42  Extractor  
  13  0:44  Drone  
  14  0:58  Spawning Pool  
  14  1:01  Drone  
  14  1:09  Overlord  
  14  1:47  Metabolic Boost  
  14  1:50  Queen  
  14  1:51  Zergling x6  
  14  1:53  Zergling x2  
  20  2:00  Zergling x2  
  21  2:02  Zergling x2  
  22  2:10  Zergling x2  
  22  2:13  Zergling x2  
  24  2:20  Overlord  
  24  2:30  Zergling x2  
  24  2:33  Zergling x2  
  24  2:36  Overlord  
  26  2:42  Zergling x2  
  27  2:45  Zergling x2  
  28  2:53  Zergling x2  
  29  2:59  Zergling x8  
  33  3:11  Zergling x4  
  35  3:18  Zergling x2  
  35  3:19  Zergling x2  
  37  3:32  Zergling x8  
  40  3:41  Zergling x2  
  40  3:45  Zergling x2  
  33  4:05  Zergling x8  
Tags
 
Add a new tag
Caveats
  • Supply blocks, unpowered buildings, or Contaminate may cause inaccurate times.
  • Supply counts are checked every 10 seconds.